 Dungeon Crawl Stone Soup version 0.30-b1-2-g02819fbbbe (webtiles) character file.

Game seed: 10386698556385389308

41 qborf the Vexing (level 3, 0/26 HPs)
             Began as a Formicid Enchanter on May 14, 2023.
             Slain by Grinder (7 damage)
             ... on level 2 of the Dungeon.
             The game lasted 00:02:55 (1827 turns).

qborf the Vexing (Formicid Enchanter)               Turns: 1827, Time: 00:02:55

Health: 0/26       AC:  3    Str: 12    XL:     3   Next: 75%
Magic:  4/6        EV: 12    Int: 16    God:
Gold:   66         SH:  0    Dex: 14    Spells: 1/6 levels left

rFire   . . .        a - +1 dagger
rCold   . . .        (no shield)
rNeg    + + .        b - +0 robe
rPois   .            (helmet unavailable)
rElec   .            (no cloak)
rCorr   .            (no gloves)
SInv    +            p - +0 pair of boots
Will    .....        (no amulet)
Stlth   +++          e - ring of positive energy
HPRegen 0.24/turn    g - ring of positive energy
MPRegen 0.10/turn

%: no passive effects
@: no status effects
A: permanent stasis, dig shafts and tunnels, antennae 3, four strong arms
a: Dig, Shaft Self


You were on level 2 of the Dungeon.
You visited 1 branch of the dungeon, and saw 3 of its levels.

You collected 66 gold pieces.

Inventory:

Hand Weapons
 a - a +1 dagger (weapon)
Armour
 b - a +0 robe (worn)
 p - a +0 pair of boots (worn)
Magical Staves
 l - the staff of fire "Jada Qou" {rF+ Str+2}
   (You found it on level 2 of the Dungeon)

   [staff of fire]

   Base accuracy: +5 Base damage: 5 Base attack delay: 1.2 This weapon's minimum
   attack delay (0.6) is reached at skill level 12.
   Str:       It affects your strength (+2).
   rF:        It protects you from fire.
   It falls into the 'Staves' category.
   It is a weapon for one hand-pair.
Jewellery
 e - a ring of positive energy (left hand)
 g - a ring of positive energy (right hand)
 o - a +6 ring of dexterity
Scrolls
 d - a scroll of vulnerability {unknown}
 j - 2 scrolls of identify {unknown}
 k - a scroll of brand weapon {unknown}
 n - 2 scrolls of teleportation {unknown}
 r - a scroll of magic mapping {unknown}
 t - a scroll of amnesia {unknown}
Potions
 c - 5 potions of invisibility
 f - a potion of curing {unknown}
 h - a potion of mutation {unknown}
 i - a potion of resistance {unknown}
 m - a potion of lignification {unknown}
 q - a potion of might {unknown}
 s - a potion of haste


   Skills:
 + Level 1.0 Fighting
 + Level 1.3 Short Blades
 - Level 1.7 Dodging
 + Level 4.0 Stealth
 + Level 2.4 Spellcasting
 * Level 4.0 Hexes
 * Level 1.3 Ice Magic


You had one spell level left.
You knew the following spells:

 Your Spells              Type           Power      Damage    Failure   Level
a - Ensorcelled Hibernat  Hex/Ice        20%        N/A       10%         2
b - Confusing Touch       Hex            15%        N/A       11%         3

Your spell library contained the following spells:

 Spells                   Type           Power      Damage    Failure   Level
 Tukima's Dance           Hex            15%        N/A       11%         3
 Dazzling Flash           Conj/Hex       16%        N/A       26%         3


Dungeon Overview and Level Annotations

Branches:
Dungeon (3/15)

Altars:

Annotations:
D:2 Grinder


Innate Abilities, Weirdness & Mutations

You cannot be hasted, slowed, berserked, paralysed or teleported.
You can dig through walls and to a lower floor.
You have a pair of large antennae on your head. (SInv)
Your four strong arms can wield two-handed weapons with a shield.


Message History

There is a stone staircase leading down here.
Done exploring.
Done exploring.
There is a stone staircase leading down here.
You climb downwards.
Found a glowing blue potion.
There is a stone staircase leading up here. 2 gnolls come into view.
The helpless Grinder fails to defend herself.
You impale Grinder!!
Grinder is severely wounded.
Grinder gestures at you. You resist with significant effort.
There is a stone staircase leading up here.
Casting: Ensorcelled Hibernation (safe; 10% risk of failure)
Confirm with . or Enter, or press ? or * to list all spells.
The spell is quite dangerous to miscast (11% risk of failure)!
Continue anyway?
Your hands begin to glow red.
Grinder blinks!
Grinder hits you!
You writhe in agony.
You climb upwards.
There is a stone staircase leading down here.
You hit Grinder but do no damage.
Grinder appears confused.
Grinder is severely wounded.
Grinder hits you but does no damage.
You hit Grinder.
Grinder is severely wounded.
You barely miss Grinder.
Grinder is severely wounded.
Grinder misses you.
You hit Grinder but do no damage.
Grinder is severely wounded.
Grinder hits you!
You writhe in agony.
You hit Grinder but do no damage.
Grinder is severely wounded.
Grinder hits you.
* * * LOW HITPOINT WARNING * * *
You hit Grinder.
Grinder is severely wounded.
Grinder hits you!
You die...

#.........##...........
#.........##.....######
#.........##.######
#.........##.##...#
#####............##...#
#.........)....####...# ##
#......###..#### #...# #.
#......# #.########...####.
#......# #@5..........[....
##########.########...####.
#....# #...####. #....#
####.<...
#....##########.##.#
#....#.......##.##.#
#.)..#.#####.##.##.#
#....#.# #.##.##.# ###....#
#.##.#...


You could see Grinder (confused).

Vanquished Creatures
  A gnoll (D:1)
  A dart slug (D:1)
  3 endoplasms
  2 goblins (D:1)
  3 hobgoblins (D:1)
  3 quokkas
  3 ball pythons
  4 bats (D:1)
  4 kobolds
  3 rats (D:1)
27 creatures vanquished.

Notes
Turn   | Place    | Note
-------+----------+-------------------------------------------
     0 | D:1      | qborf the Formicid Enchanter began the quest for the Orb.
     0 | D:1      | Reached XP level 1. HP: 13/13 MP: 3/3
   127 | D:1      | Reached XP level 2. HP: 10/19 MP: 5/5
   273 | D:1      | Learned a level 2 spell: Ensorcelled Hibernation
   615 | D:1      | Found a faded altar of an unknown god.
   622 | D:1      | Reached skill level 1 in Ice Magic
   657 | D:1      | Reached XP level 3. HP: 25/25 MP: 1/6
   776 | D:1      | Learned a level 3 spell: Confusing Touch
  1134 | D:2      | Identified the staff of fire "Jada Qou" {rF+ Str+2}
  1155 | D:2      | Reached skill level 1 in Fighting
  1813 | D:3      | Noticed Grinder
  1827 | D:2      | Slain by Grinder

Illustrated notes

Levels and vault maps discovered:
D:1:      lightli_arrival_windingriver, layout_loops_ring,
          hellmonk_ecumenical_altar_pennies_from_heaven
D:2:      layout_basic
D:3:      layout_loops_cross, serial_shops, nicolae_shop_rolling_square,
          supply_closet_lemuel, uniq_natasha, uniq_grinder

Skill      XL: |  1  2  3 |
---------------+----------+-----
Ice Magic      | 1 |  1.3
Hexes          | 4 |  4.0
Fighting       | 1 |  1.0
Stealth        | 4 |  4.0
Short Blades   | |  1.3
Dodging        | |  1.7
Spellcasting   | |  2.4

Action                     || total
---------------------------++-------
  Melee: Dagger            ||    60
         Punch             ||     1
   Cast: Ensorcelled Hiber ||    15
         Confusing Touch   ||     1
   Stab: Sleeping          ||    17
 Armour: Robe              ||     8
  Dodge: Dodged            ||    43
